Workbook

Sheet CA par taux
D1: 3 | E1: 4 | F1: 5 | G1: 6 | H1: 7 | I1: 8 | J1: 9 | K1: 10 | L1: 11 | M1: 12 | N1: 13 | O1: 14 | P1: 15 | Q1: 16 | R1: 17 | S1: 18 | T1: 19 | U1: 20 | V1: 21 | W1: 22 | X1: 23 | Y1: 24 | Z1: 25 | AA1: Total
D2: Code TVA | E2: C0 | F2: C1 | G2: C2 | H2: C7 | I2: C9 | J2: CJ | K2: CK | L2: E0 | M2: E1 | N2: E2 | O2: E7 | P2: E9 | Q2: EJ | R2: EK | S2: W0 | T2: W1 | U2: W2 | V2: W7 | W2: W9 | X2: WJ | Y2: WK | Z2: #
C3: Compte | E3: EUR | F3: EUR | G3: EUR | H3: EUR | I3: EUR | J3: EUR | K3: EUR | L3: EUR | M3: EUR | N3: EUR | O3: EUR | P3: EUR | Q3: EUR | R3: EUR | S3: EUR | T3: EUR | U3: EUR | V3: EUR | W3: EUR | X3: EUR | Y3: EUR | Z3: EUR | AA3: EUR
A4: 427 | B4: 4277030000 | C4: 7030000 | D4: VTES DECHETS | E4: =IFERROR(INDEX('REQUETES BW'!$F:$F,MATCH(CONCATENATE($A4,$C4,E$2),'REQUETES BW'!$G:$G,0)),0) -> 0 | F4: =IFERROR(INDEX('REQUETES BW'!$F:$F,MATCH(CONCATENATE($A4,$C4,F$2),'REQUETES BW'!$G:$G,0)),0) -> 0 | G4: =IFERROR(INDEX('REQUETES BW'!$F:$F,MATCH(CONCATENATE($A4,$C4,G$2),'REQUETES BW'!$G:$G,0)),0) -> 0 | H4: =IFERROR(INDEX('REQUETES BW'!$F:$F,MATCH(CONCATENATE($A4,$C4,H$2),'REQUETES BW'!$G:$G,0)),0) -> 0 | I4: =IFERROR(INDEX('REQUETES BW'!$F:$F,MATCH(CONCATENATE($A4,$C4,I$2),'REQUETES BW'!$G:$G,0)),0) -> 0 | J4: =IFERROR(INDEX('REQUETES BW'!$F:$F,MATCH(CONCATENATE($A4,$C4,J$2),'REQUETES BW'!$G:$G,0)),0) -> 0 | K4: =IFERROR(INDEX('REQUETES BW'!$F:$F,MATCH(CONCATENATE($A4,$C4,K$2),'REQUETES BW'!$G:$G,0)),0) -> 0 | L4: =IFERROR(INDEX('REQUETES BW'!$F:$F,MATCH(CONCATENATE($A4,$C4,L$2),'REQUETES BW'!$G:$G,0)),0) -> 0 | ... Z4: =IFERROR(INDEX('REQUETES BW'!$F:$F,MATCH(CONCATENATE($A4,$C4,Z$2),'REQUETES BW'!$G:$G,0)),0) -> 0 | AA4: =SUM(E4:Z4) -> 0
A5: 427 | B5: 4277030007 | C5: 7030007 | D5: VTES DECHETS | E5: =IFERROR(INDEX('REQUETES BW'!$F:$F,MATCH(CONCATENATE($A5,$C5,E$2),'REQUETES BW'!$G:$G,0)),0) -> 0 | F5: =IFERROR(INDEX('REQUETES BW'!$F:$F,MATCH(CONCATENATE($A5,$C5,F$2),'REQUETES BW'!$G:$G,0)),0) -> 0 | G5: =IFERROR(INDEX('REQUETES BW'!$F:$F,MATCH(CONCATENATE($A5,$C5,G$2),'REQUETES BW'!$G:$G,0)),0) -> 0 | H5: =IFERROR(INDEX('REQUETES BW'!$F:$F,MATCH(CONCATENATE($A5,$C5,H$2),'REQUETES BW'!$G:$G,0)),0) -> 0 | I5: =IFERROR(INDEX('REQUETES BW'!$F:$F,MATCH(CONCATENATE($A5,$C5,I$2),'REQUETES BW'!$G:$G,0)),0) -> 0 | J5: =IFERROR(INDEX('REQUETES BW'!$F:$F,MATCH(CONCATENATE($A5,$C5,J$2),'REQUETES BW'!$G:$G,0)),0) -> 0 | K5: =IFERROR(INDEX('REQUETES BW'!$F:$F,MATCH(CONCATENATE($A5,$C5,K$2),'REQUETES BW'!$G:$G,0)),0) -> 0 | L5: =IFERROR(INDEX('REQUETES BW'!$F:$F,MATCH(CONCATENATE($A5,$C5,L$2),'REQUETES BW'!$G:$G,0)),0) -> 0 | ... Z5: =IFERROR(INDEX('REQUETES BW'!$F:$F,MATCH(CONCATENATE($A5,$C5,Z$2),'REQUETES BW'!$G:$G,0)),0) -> 0 | AA5: =SUM(E5:Z5) -> 0
A6: 427 | B6: 4277030027 | C6: 7030027 | D6: PALETTE ET DECHETS | E6: =IFERROR(INDEX('REQUETES BW'!$F:$F,MATCH(CONCATENATE($A6,$C6,E$2),'REQUETES BW'!$G:$G,0)),0) -> 0 | F6: =IFERROR(INDEX('REQUETES BW'!$F:$F,MATCH(CONCATENATE($A6,$C6,F$2),'REQUETES BW'!$G:$G,0)),0) -> 0 | G6: =IFERROR(INDEX('REQUETES BW'!$F:$F,MATCH(CONCATENATE($A6,$C6,G$2),'REQUETES BW'!$G:$G,0)),0) -> 0 | H6: =IFERROR(INDEX('REQUETES BW'!$F:$F,MATCH(CONCATENATE($A6,$C6,H$2),'REQUETES BW'!$G:$G,0)),0) -> 0 | I6: =IFERROR(INDEX('REQUETES BW'!$F:$F,MATCH(CONCATENATE($A6,$C6,I$2),'REQUETES BW'!$G:$G,0)),0) -> 0 | J6: =IFERROR(INDEX('REQUETES BW'!$F:$F,MATCH(CONCATENATE($A6,$C6,J$2),'REQUETES BW'!$G:$G,0)),0) -> 0 | K6: =IFERROR(INDEX('REQUETES BW'!$F:$F,MATCH(CONCATENATE($A6,$C6,K$2),'REQUETES BW'!$G:$G,0)),0) -> 0 | L6: =IFERROR(INDEX('REQUETES BW'!$F:$F,MATCH(CONCATENATE($A6,$C6,L$2),'REQUETES BW'!$G:$G,0)),0) -> 0 | ... Z6: =IFERROR(INDEX('REQUETES BW'!$F:$F,MATCH(CONCATENATE($A6,$C6,Z$2),'REQUETES BW'!$G:$G,0)),0) -> 0 | AA6: =SUM(E6:Z6) -> 0
A7: 427 | B7: 4277061000 | C7: 7061000 | D7: AUTRES PRESTATIONS | E7: =IFERROR(INDEX('REQUETES BW'!$F:$F,MATCH(CONCATENATE($A7,$C7,E$2),'REQUETES BW'!$G:$G,0)),0) -> 0 | F7: =IFERROR(INDEX('REQUETES BW'!$F:$F,MATCH(CONCATENATE($A7,$C7,F$2),'REQUETES BW'!$G:$G,0)),0) -> 0 | G7: =IFERROR(INDEX('REQUETES BW'!$F:$F,MATCH(CONCATENATE($A7,$C7,G$2),'REQUETES BW'!$G:$G,0)),0) -> 0 | H7: =IFERROR(INDEX('REQUETES BW'!$F:$F,MATCH(CONCATENATE($A7,$C7,H$2),'REQUETES BW'!$G:$G,0)),0) -> 0 | I7: =IFERROR(INDEX('REQUETES BW'!$F:$F,MATCH(CONCATENATE($A7,$C7,I$2),'REQUETES BW'!$G:$G,0)),0) -> 0 | J7: =IFERROR(INDEX('REQUETES BW'!$F:$F,MATCH(CONCATENATE($A7,$C7,J$2),'REQUETES BW'!$G:$G,0)),0) -> 0 | K7: =IFERROR(INDEX('REQUETES BW'!$F:$F,MATCH(CONCATENATE($A7,$C7,K$2),'REQUETES BW'!$G:$G,0)),0) -> 0 | L7: =IFERROR(INDEX('REQUETES BW'!$F:$F,MATCH(CONCATENATE($A7,$C7,L$2),'REQUETES BW'!$G:$G,0)),0) -> 0 | ... Z7: =IFERROR(INDEX('REQUETES BW'!$F:$F,MATCH(CONCATENATE($A7,$C7,Z$2),'REQUETES BW'!$G:$G,0)),0) -> 0 | AA7: =SUM(E7:Z7) -> 0
A8: 427 | B8: 4277061210 | C8: 7061210 | D8: PREST. ADMINISTRATIV | E8: =IFERROR(INDEX('REQUETES BW'!$F:$F,MATCH(CONCATENATE($A8,$C8,E$2),'REQUETES BW'!$G:$G,0)),0) -> 0 | F8: =IFERROR(INDEX('REQUETES BW'!$F:$F,MATCH(CONCATENATE($A8,$C8,F$2),'REQUETES BW'!$G:$G,0)),0) -> 0 | G8: =IFERROR(INDEX('REQUETES BW'!$F:$F,MATCH(CONCATENATE($A8,$C8,G$2),'REQUETES BW'!$G:$G,0)),0) -> 0 | H8: =IFERROR(INDEX('REQUETES BW'!$F:$F,MATCH(CONCATENATE($A8,$C8,H$2),'REQUETES BW'!$G:$G,0)),0) -> 0 | I8: =IFERROR(INDEX('REQUETES BW'!$F:$F,MATCH(CONCATENATE($A8,$C8,I$2),'REQUETES BW'!$G:$G,0)),0) -> 0 | J8: =IFERROR(INDEX('REQUETES BW'!$F:$F,MATCH(CONCATENATE($A8,$C8,J$2),'REQUETES BW'!$G:$G,0)),0) -> 0 | K8: =IFERROR(INDEX('REQUETES BW'!$F:$F,MATCH(CONCATENATE($A8,$C8,K$2),'REQUETES BW'!$G:$G,0)),0) -> 0 | L8: =IFERROR(INDEX('REQUETES BW'!$F:$F,MATCH(CONCATENATE($A8,$C8,L$2),'REQUETES BW'!$G:$G,0)),0) -> 0 | ... Z8: =IFERROR(INDEX('REQUETES BW'!$F:$F,MATCH(CONCATENATE($A8,$C8,Z$2),'REQUETES BW'!$G:$G,0)),0) -> 0 | AA8: =SUM(E8:Z8) -> 0
A9: 427 | B9: 4277061217 | C9: 7061217 | D9: PREST. ADMINISTRATIV | E9: =IFERROR(INDEX('REQUETES BW'!$F:$F,MATCH(CONCATENATE($A9,$C9,E$2),'REQUETES BW'!$G:$G,0)),0) -> 0 | F9: =IFERROR(INDEX('REQUETES BW'!$F:$F,MATCH(CONCATENATE($A9,$C9,F$2),'REQUETES BW'!$G:$G,0)),0) -> 0 | G9: =IFERROR(INDEX('REQUETES BW'!$F:$F,MATCH(CONCATENATE($A9,$C9,G$2),'REQUETES BW'!$G:$G,0)),0) -> 0 | H9: =IFERROR(INDEX('REQUETES BW'!$F:$F,MATCH(CONCATENATE($A9,$C9,H$2),'REQUETES BW'!$G:$G,0)),0) -> 0 | I9: =IFERROR(INDEX('REQUETES BW'!$F:$F,MATCH(CONCATENATE($A9,$C9,I$2),'REQUETES BW'!$G:$G,0)),0) -> 0 | J9: =IFERROR(INDEX('REQUETES BW'!$F:$F,MATCH(CONCATENATE($A9,$C9,J$2),'REQUETES BW'!$G:$G,0)),0) -> 0 | K9: =IFERROR(INDEX('REQUETES BW'!$F:$F,MATCH(CONCATENATE($A9,$C9,K$2),'REQUETES BW'!$G:$G,0)),0) -> 0 | L9: =IFERROR(INDEX('REQUETES BW'!$F:$F,MATCH(CONCATENATE($A9,$C9,L$2),'REQUETES BW'!$G:$G,0)),0) -> 0 | ... Z9: =IFERROR(INDEX('REQUETES BW'!$F:$F,MATCH(CONCATENATE($A9,$C9,Z$2),'REQUETES BW'!$G:$G,0)),0) -> 0 | AA9: =SUM(E9:Z9) -> 0
A10: 427 | B10: 4277061350 | C10: 7061350 | D10: COUT VAR.PREST.LOG. | E10: =IFERROR(INDEX('REQUETES BW'!$F:$F,MATCH(CONCATENATE($A10,$C10,E$2),'REQUETES BW'!$G:$G,0)),0) -> 0 | F10: =IFERROR(INDEX('REQUETES BW'!$F:$F,MATCH(CONCATENATE($A10,$C10,F$2),'REQUETES BW'!$G:$G,0)),0) -> 0 | G10: =IFERROR(INDEX('REQUETES BW'!$F:$F,MATCH(CONCATENATE($A10,$C10,G$2),'REQUETES BW'!$G:$G,0)),0) -> 0 | H10: =IFERROR(INDEX('REQUETES BW'!$F:$F,MATCH(CONCATENATE($A10,$C10,H$2),'REQUETES BW'!$G:$G,0)),0) -> 0 | I10: =IFERROR(INDEX('REQUETES BW'!$F:$F,MATCH(CONCATENATE($A10,$C10,I$2),'REQUETES BW'!$G:$G,0)),0) -> 0 | J10: =IFERROR(INDEX('REQUETES BW'!$F:$F,MATCH(CONCATENATE($A10,$C10,J$2),'REQUETES BW'!$G:$G,0)),0) -> 0 | K10: =IFERROR(INDEX('REQUETES BW'!$F:$F,MATCH(CONCATENATE($A10,$C10,K$2),'REQUETES BW'!$G:$G,0)),0) -> 0 | L10: =IFERROR(INDEX('REQUETES BW'!$F:$F,MATCH(CONCATENATE($A10,$C10,L$2),'REQUETES BW'!$G:$G,0)),0) -> 0 | ... Z10: =IFERROR(INDEX('REQUETES BW'!$F:$F,MATCH(CONCATENATE($A10,$C10,Z$2),'REQUETES BW'!$G:$G,0)),0) -> 0 | AA10: =SUM(E10:Z10) -> 0
A11: 427 | B11: 4277061357 | C11: 7061357 | D11: COUT VAR.PREST.LOG. | E11: =IFERROR(INDEX('REQUETES BW'!$F:$F,MATCH(CONCATENATE($A11,$C11,E$2),'REQUETES BW'!$G:$G,0)),0) -> 0 | F11: =IFERROR(INDEX('REQUETES BW'!$F:$F,MATCH(CONCATENATE($A11,$C11,F$2),'REQUETES BW'!$G:$G,0)),0) -> 0 | G11: =IFERROR(INDEX('REQUETES BW'!$F:$F,MATCH(CONCATENATE($A11,$C11,G$2),'REQUETES BW'!$G:$G,0)),0) -> 0 | H11: =IFERROR(INDEX('REQUETES BW'!$F:$F,MATCH(CONCATENATE($A11,$C11,H$2),'REQUETES BW'!$G:$G,0)),0) -> 0 | I11: =IFERROR(INDEX('REQUETES BW'!$F:$F,MATCH(CONCATENATE($A11,$C11,I$2),'REQUETES BW'!$G:$G,0)),0) -> 0 | J11: =IFERROR(INDEX('REQUETES BW'!$F:$F,MATCH(CONCATENATE($A11,$C11,J$2),'REQUETES BW'!$G:$G,0)),0) -> 0 | K11: =IFERROR(INDEX('REQUETES BW'!$F:$F,MATCH(CONCATENATE($A11,$C11,K$2),'REQUETES BW'!$G:$G,0)),0) -> 0 | L11: =IFERROR(INDEX('REQUETES BW'!$F:$F,MATCH(CONCATENATE($A11,$C11,L$2),'REQUETES BW'!$G:$G,0)),0) -> 0 | ... Z11: =IFERROR(INDEX('REQUETES BW'!$F:$F,MATCH(CONCATENATE($A11,$C11,Z$2),'REQUETES BW'!$G:$G,0)),0) -> 0 | AA11: =SUM(E11:Z11) -> 0
A12: 427 | B12: 4277062120 | C12: 7062120 | D12: AUTR. REVENUS (FPLP) | E12: =IFERROR(INDEX('REQUETES BW'!$F:$F,MATCH(CONCATENATE($A12,$C12,E$2),'REQUETES BW'!$G:$G,0)),0) -> 0 | F12: =IFERROR(INDEX('REQUETES BW'!$F:$F,MATCH(CONCATENATE($A12,$C12,F$2),'REQUETES BW'!$G:$G,0)),0) -> 0 | G12: =IFERROR(INDEX('REQUETES BW'!$F:$F,MATCH(CONCATENATE($A12,$C12,G$2),'REQUETES BW'!$G:$G,0)),0) -> 0 | H12: =IFERROR(INDEX('REQUETES BW'!$F:$F,MATCH(CONCATENATE($A12,$C12,H$2),'REQUETES BW'!$G:$G,0)),0) -> 0 | I12: =IFERROR(INDEX('REQUETES BW'!$F:$F,MATCH(CONCATENATE($A12,$C12,I$2),'REQUETES BW'!$G:$G,0)),0) -> 0 | J12: =IFERROR(INDEX('REQUETES BW'!$F:$F,MATCH(CONCATENATE($A12,$C12,J$2),'REQUETES BW'!$G:$G,0)),0) -> 0 | K12: =IFERROR(INDEX('REQUETES BW'!$F:$F,MATCH(CONCATENATE($A12,$C12,K$2),'REQUETES BW'!$G:$G,0)),0) -> 0 | L12: =IFERROR(INDEX('REQUETES BW'!$F:$F,MATCH(CONCATENATE($A12,$C12,L$2),'REQUETES BW'!$G:$G,0)),0) -> 0 | ... Z12: =IFERROR(INDEX('REQUETES BW'!$F:$F,MATCH(CONCATENATE($A12,$C12,Z$2),'REQUETES BW'!$G:$G,0)),0) -> 0 | AA12: =SUM(E12:Z12) -> 0
A13: 427 | B13: 4277062140 | C13: 7062140 | D13: SCI PREST. LOC. IMM. | E13: =IFERROR(INDEX('REQUETES BW'!$F:$F,MATCH(CONCATENATE($A13,$C13,E$2),'REQUETES BW'!$G:$G,0)),0) -> 0 | F13: =IFERROR(INDEX('REQUETES BW'!$F:$F,MATCH(CONCATENATE($A13,$C13,F$2),'REQUETES BW'!$G:$G,0)),0) -> 0 | G13: =IFERROR(INDEX('REQUETES BW'!$F:$F,MATCH(CONCATENATE($A13,$C13,G$2),'REQUETES BW'!$G:$G,0)),0) -> 0 | H13: =IFERROR(INDEX('REQUETES BW'!$F:$F,MATCH(CONCATENATE($A13,$C13,H$2),'REQUETES BW'!$G:$G,0)),0) -> 0 | I13: =IFERROR(INDEX('REQUETES BW'!$F:$F,MATCH(CONCATENATE($A13,$C13,I$2),'REQUETES BW'!$G:$G,0)),0) -> 0 | J13: =IFERROR(INDEX('REQUETES BW'!$F:$F,MATCH(CONCATENATE($A13,$C13,J$2),'REQUETES BW'!$G:$G,0)),0) -> 0 | K13: =IFERROR(INDEX('REQUETES BW'!$F:$F,MATCH(CONCATENATE($A13,$C13,K$2),'REQUETES BW'!$G:$G,0)),0) -> 0 | L13: =IFERROR(INDEX('REQUETES BW'!$F:$F,MATCH(CONCATENATE($A13,$C13,L$2),'REQUETES BW'!$G:$G,0)),0) -> 0 | ... Z13: =IFERROR(INDEX('REQUETES BW'!$F:$F,MATCH(CONCATENATE($A13,$C13,Z$2),'REQUETES BW'!$G:$G,0)),0) -> 0 | AA13: =SUM(E13:Z13) -> 0
A14: 427 | B14: 4277062147 | C14: 7062147 | D14: SCI PREST. LOC. IMM. | E14: =IFERROR(INDEX('REQUETES BW'!$F:$F,MATCH(CONCATENATE($A14,$C14,E$2),'REQUETES BW'!$G:$G,0)),0) -> 0 | F14: =IFERROR(INDEX('REQUETES BW'!$F:$F,MATCH(CONCATENATE($A14,$C14,F$2),'REQUETES BW'!$G:$G,0)),0) -> 0 | G14: =IFERROR(INDEX('REQUETES BW'!$F:$F,MATCH(CONCATENATE($A14,$C14,G$2),'REQUETES BW'!$G:$G,0)),0) -> 0 | H14: =IFERROR(INDEX('REQUETES BW'!$F:$F,MATCH(CONCATENATE($A14,$C14,H$2),'REQUETES BW'!$G:$G,0)),0) -> 0 | I14: =IFERROR(INDEX('REQUETES BW'!$F:$F,MATCH(CONCATENATE($A14,$C14,I$2),'REQUETES BW'!$G:$G,0)),0) -> 0 | J14: =IFERROR(INDEX('REQUETES BW'!$F:$F,MATCH(CONCATENATE($A14,$C14,J$2),'REQUETES BW'!$G:$G,0)),0) -> 0 | K14: =IFERROR(INDEX('REQUETES BW'!$F:$F,MATCH(CONCATENATE($A14,$C14,K$2),'REQUETES BW'!$G:$G,0)),0) -> 0 | L14: =IFERROR(INDEX('REQUETES BW'!$F:$F,MATCH(CONCATENATE($A14,$C14,L$2),'REQUETES BW'!$G:$G,0)),0) -> 0 | ... Z14: =IFERROR(INDEX('REQUETES BW'!$F:$F,MATCH(CONCATENATE($A14,$C14,Z$2),'REQUETES BW'!$G:$G,0)),0) -> 0 | AA14: =SUM(E14:Z14) -> 0
A15: 427 | B15: 4277071000 | C15: 7071000 | D15: VENTES MARCHANDISES | E15: =IFERROR(INDEX('REQUETES BW'!$F:$F,MATCH(CONCATENATE($A15,$C15,E$2),'REQUETES BW'!$G:$G,0)),0) -> -135 | F15: =IFERROR(INDEX('REQUETES BW'!$F:$F,MATCH(CONCATENATE($A15,$C15,F$2),'REQUETES BW'!$G:$G,0)),0) -> -732010.46 | G15: =IFERROR(INDEX('REQUETES BW'!$F:$F,MATCH(CONCATENATE($A15,$C15,G$2),'REQUETES BW'!$G:$G,0)),0) -> 0 | H15: =IFERROR(INDEX('REQUETES BW'!$F:$F,MATCH(CONCATENATE($A15,$C15,H$2),'REQUETES BW'!$G:$G,0)),0) -> 0 | I15: =IFERROR(INDEX('REQUETES BW'!$F:$F,MATCH(CONCATENATE($A15,$C15,I$2),'REQUETES BW'!$G:$G,0)),0) -> 0 | J15: =IFERROR(INDEX('REQUETES BW'!$F:$F,MATCH(CONCATENATE($A15,$C15,J$2),'REQUETES BW'!$G:$G,0)),0) -> -30933.49 | K15: =IFERROR(INDEX('REQUETES BW'!$F:$F,MATCH(CONCATENATE($A15,$C15,K$2),'REQUETES BW'!$G:$G,0)),0) -> -270425.77 | L15: =IFERROR(INDEX('REQUETES BW'!$F:$F,MATCH(CONCATENATE($A15,$C15,L$2),'REQUETES BW'!$G:$G,0)),0) -> 0 | ... Z15: =IFERROR(INDEX('REQUETES BW'!$F:$F,MATCH(CONCATENATE($A15,$C15,Z$2),'REQUETES BW'!$G:$G,0)),0) -> 0 | AA15: =SUM(E15:Z15) -> -1025298.9
... A158: 427 | B158: 4277911000 | C158: 7911000 | D158: TR.CH./RESTRUCTURAT. | E158: =IFERROR(INDEX('REQUETES BW'!$F:$F,MATCH(CONCATENATE($A158,$C158,E$2),'REQUETES BW'!$G:$G,0)),0) -> 0 | F158: =IFERROR(INDEX('REQUETES BW'!$F:$F,MATCH(CONCATENATE($A158,$C158,F$2),'REQUETES BW'!$G:$G,0)),0) -> 0 | G158: =IFERROR(INDEX('REQUETES BW'!$F:$F,MATCH(CONCATENATE($A158,$C158,G$2),'REQUETES BW'!$G:$G,0)),0) -> 0 | H158: =IFERROR(INDEX('REQUETES BW'!$F:$F,MATCH(CONCATENATE($A158,$C158,H$2),'REQUETES BW'!$G:$G,0)),0) -> 0 | I158: =IFERROR(INDEX('REQUETES BW'!$F:$F,MATCH(CONCATENATE($A158,$C158,I$2),'REQUETES BW'!$G:$G,0)),0) -> 0 | J158: =IFERROR(INDEX('REQUETES BW'!$F:$F,MATCH(CONCATENATE($A158,$C158,J$2),'REQUETES BW'!$G:$G,0)),0) -> 0 | K158: =IFERROR(INDEX('REQUETES BW'!$F:$F,MATCH(CONCATENATE($A158,$C158,K$2),'REQUETES BW'!$G:$G,0)),0) -> 0 | L158: =IFERROR(INDEX('REQUETES BW'!$F:$F,MATCH(CONCATENATE($A158,$C158,L$2),'REQUETES BW'!$G:$G,0)),0) -> 0 | ... Z158: =IFERROR(INDEX('REQUETES BW'!$F:$F,MATCH(CONCATENATE($A158,$C158,Z$2),'REQUETES BW'!$G:$G,0)),0) -> 0 | AA158: =SUM(E158:Z158) -> 0
A159: 427 | B159: 4270 | C159: 0 | D159: 0 | E159: =IFERROR(INDEX('REQUETES BW'!$F:$F,MATCH(CONCATENATE($A159,$C159,E$2),'REQUETES BW'!$G:$G,0)),0) -> 0 | F159: =IFERROR(INDEX('REQUETES BW'!$F:$F,MATCH(CONCATENATE($A159,$C159,F$2),'REQUETES BW'!$G:$G,0)),0) -> 0 | G159: =IFERROR(INDEX('REQUETES BW'!$F:$F,MATCH(CONCATENATE($A159,$C159,G$2),'REQUETES BW'!$G:$G,0)),0) -> 0 | H159: =IFERROR(INDEX('REQUETES BW'!$F:$F,MATCH(CONCATENATE($A159,$C159,H$2),'REQUETES BW'!$G:$G,0)),0) -> 0 | I159: =IFERROR(INDEX('REQUETES BW'!$F:$F,MATCH(CONCATENATE($A159,$C159,I$2),'REQUETES BW'!$G:$G,0)),0) -> 0 | J159: =IFERROR(INDEX('REQUETES BW'!$F:$F,MATCH(CONCATENATE($A159,$C159,J$2),'REQUETES BW'!$G:$G,0)),0) -> 0 | K159: =IFERROR(INDEX('REQUETES BW'!$F:$F,MATCH(CONCATENATE($A159,$C159,K$2),'REQUETES BW'!$G:$G,0)),0) -> 0 | L159: =IFERROR(INDEX('REQUETES BW'!$F:$F,MATCH(CONCATENATE($A159,$C159,L$2),'REQUETES BW'!$G:$G,0)),0) -> 0 | ... Z159: =IFERROR(INDEX('REQUETES BW'!$F:$F,MATCH(CONCATENATE($A159,$C159,Z$2),'REQUETES BW'!$G:$G,0)),0) -> 0 | AA159: =SUM(E159:Z159) -> 0
A160: 427 | B160: 4270 | C160: 0 | D160: 0 | E160: =IFERROR(INDEX('REQUETES BW'!$F:$F,MATCH(CONCATENATE($A160,$C160,E$2),'REQUETES BW'!$G:$G,0)),0) -> 0 | F160: =IFERROR(INDEX('REQUETES BW'!$F:$F,MATCH(CONCATENATE($A160,$C160,F$2),'REQUETES BW'!$G:$G,0)),0) -> 0 | G160: =IFERROR(INDEX('REQUETES BW'!$F:$F,MATCH(CONCATENATE($A160,$C160,G$2),'REQUETES BW'!$G:$G,0)),0) -> 0 | H160: =IFERROR(INDEX('REQUETES BW'!$F:$F,MATCH(CONCATENATE($A160,$C160,H$2),'REQUETES BW'!$G:$G,0)),0) -> 0 | I160: =IFERROR(INDEX('REQUETES BW'!$F:$F,MATCH(CONCATENATE($A160,$C160,I$2),'REQUETES BW'!$G:$G,0)),0) -> 0 | J160: =IFERROR(INDEX('REQUETES BW'!$F:$F,MATCH(CONCATENATE($A160,$C160,J$2),'REQUETES BW'!$G:$G,0)),0) -> 0 | K160: =IFERROR(INDEX('REQUETES BW'!$F:$F,MATCH(CONCATENATE($A160,$C160,K$2),'REQUETES BW'!$G:$G,0)),0) -> 0 | L160: =IFERROR(INDEX('REQUETES BW'!$F:$F,MATCH(CONCATENATE($A160,$C160,L$2),'REQUETES BW'!$G:$G,0)),0) -> 0 | ... Z160: =IFERROR(INDEX('REQUETES BW'!$F:$F,MATCH(CONCATENATE($A160,$C160,Z$2),'REQUETES BW'!$G:$G,0)),0) -> 0 | AA160: =SUM(E160:Z160) -> 0
A161: 427 | B161: 4270 | C161: 0 | D161: 0 | E161: =IFERROR(INDEX('REQUETES BW'!$F:$F,MATCH(CONCATENATE($A161,$C161,E$2),'REQUETES BW'!$G:$G,0)),0) -> 0 | F161: =IFERROR(INDEX('REQUETES BW'!$F:$F,MATCH(CONCATENATE($A161,$C161,F$2),'REQUETES BW'!$G:$G,0)),0) -> 0 | G161: =IFERROR(INDEX('REQUETES BW'!$F:$F,MATCH(CONCATENATE($A161,$C161,G$2),'REQUETES BW'!$G:$G,0)),0) -> 0 | H161: =IFERROR(INDEX('REQUETES BW'!$F:$F,MATCH(CONCATENATE($A161,$C161,H$2),'REQUETES BW'!$G:$G,0)),0) -> 0 | I161: =IFERROR(INDEX('REQUETES BW'!$F:$F,MATCH(CONCATENATE($A161,$C161,I$2),'REQUETES BW'!$G:$G,0)),0) -> 0 | J161: =IFERROR(INDEX('REQUETES BW'!$F:$F,MATCH(CONCATENATE($A161,$C161,J$2),'REQUETES BW'!$G:$G,0)),0) -> 0 | K161: =IFERROR(INDEX('REQUETES BW'!$F:$F,MATCH(CONCATENATE($A161,$C161,K$2),'REQUETES BW'!$G:$G,0)),0) -> 0 | L161: =IFERROR(INDEX('REQUETES BW'!$F:$F,MATCH(CONCATENATE($A161,$C161,L$2),'REQUETES BW'!$G:$G,0)),0) -> 0 | ... Z161: =IFERROR(INDEX('REQUETES BW'!$F:$F,MATCH(CONCATENATE($A161,$C161,Z$2),'REQUETES BW'!$G:$G,0)),0) -> 0 | AA161: =SUM(E161:Z161) -> 0
A162: 427 | B162: 4270 | C162: 0 | D162: 0 | E162: =IFERROR(INDEX('REQUETES BW'!$F:$F,MATCH(CONCATENATE($A162,$C162,E$2),'REQUETES BW'!$G:$G,0)),0) -> 0 | F162: =IFERROR(INDEX('REQUETES BW'!$F:$F,MATCH(CONCATENATE($A162,$C162,F$2),'REQUETES BW'!$G:$G,0)),0) -> 0 | G162: =IFERROR(INDEX('REQUETES BW'!$F:$F,MATCH(CONCATENATE($A162,$C162,G$2),'REQUETES BW'!$G:$G,0)),0) -> 0 | H162: =IFERROR(INDEX('REQUETES BW'!$F:$F,MATCH(CONCATENATE($A162,$C162,H$2),'REQUETES BW'!$G:$G,0)),0) -> 0 | I162: =IFERROR(INDEX('REQUETES BW'!$F:$F,MATCH(CONCATENATE($A162,$C162,I$2),'REQUETES BW'!$G:$G,0)),0) -> 0 | J162: =IFERROR(INDEX('REQUETES BW'!$F:$F,MATCH(CONCATENATE($A162,$C162,J$2),'REQUETES BW'!$G:$G,0)),0) -> 0 | K162: =IFERROR(INDEX('REQUETES BW'!$F:$F,MATCH(CONCATENATE($A162,$C162,K$2),'REQUETES BW'!$G:$G,0)),0) -> 0 | L162: =IFERROR(INDEX('REQUETES BW'!$F:$F,MATCH(CONCATENATE($A162,$C162,L$2),'REQUETES BW'!$G:$G,0)),0) -> 0 | ... Z162: =IFERROR(INDEX('REQUETES BW'!$F:$F,MATCH(CONCATENATE($A162,$C162,Z$2),'REQUETES BW'!$G:$G,0)),0) -> 0 | AA162: =SUM(E162:Z162) -> 0
A163: 427 | B163: 4270 | C163: 0 | D163: 0 | E163: =IFERROR(INDEX('REQUETES BW'!$F:$F,MATCH(CONCATENATE($A163,$C163,E$2),'REQUETES BW'!$G:$G,0)),0) -> 0 | F163: =IFERROR(INDEX('REQUETES BW'!$F:$F,MATCH(CONCATENATE($A163,$C163,F$2),'REQUETES BW'!$G:$G,0)),0) -> 0 | G163: =IFERROR(INDEX('REQUETES BW'!$F:$F,MATCH(CONCATENATE($A163,$C163,G$2),'REQUETES BW'!$G:$G,0)),0) -> 0 | H163: =IFERROR(INDEX('REQUETES BW'!$F:$F,MATCH(CONCATENATE($A163,$C163,H$2),'REQUETES BW'!$G:$G,0)),0) -> 0 | I163: =IFERROR(INDEX('REQUETES BW'!$F:$F,MATCH(CONCATENATE($A163,$C163,I$2),'REQUETES BW'!$G:$G,0)),0) -> 0 | J163: =IFERROR(INDEX('REQUETES BW'!$F:$F,MATCH(CONCATENATE($A163,$C163,J$2),'REQUETES BW'!$G:$G,0)),0) -> 0 | K163: =IFERROR(INDEX('REQUETES BW'!$F:$F,MATCH(CONCATENATE($A163,$C163,K$2),'REQUETES BW'!$G:$G,0)),0) -> 0 | L163: =IFERROR(INDEX('REQUETES BW'!$F:$F,MATCH(CONCATENATE($A163,$C163,L$2),'REQUETES BW'!$G:$G,0)),0) -> 0 | ... Z163: =IFERROR(INDEX('REQUETES BW'!$F:$F,MATCH(CONCATENATE($A163,$C163,Z$2),'REQUETES BW'!$G:$G,0)),0) -> 0 | AA163: =SUM(E163:Z163) -> 0
A164: 427 | B164: 4270 | C164: 0 | D164: 0 | E164: =IFERROR(INDEX('REQUETES BW'!$F:$F,MATCH(CONCATENATE($A164,$C164,E$2),'REQUETES BW'!$G:$G,0)),0) -> 0 | F164: =IFERROR(INDEX('REQUETES BW'!$F:$F,MATCH(CONCATENATE($A164,$C164,F$2),'REQUETES BW'!$G:$G,0)),0) -> 0 | G164: =IFERROR(INDEX('REQUETES BW'!$F:$F,MATCH(CONCATENATE($A164,$C164,G$2),'REQUETES BW'!$G:$G,0)),0) -> 0 | H164: =IFERROR(INDEX('REQUETES BW'!$F:$F,MATCH(CONCATENATE($A164,$C164,H$2),'REQUETES BW'!$G:$G,0)),0) -> 0 | I164: =IFERROR(INDEX('REQUETES BW'!$F:$F,MATCH(CONCATENATE($A164,$C164,I$2),'REQUETES BW'!$G:$G,0)),0) -> 0 | J164: =IFERROR(INDEX('REQUETES BW'!$F:$F,MATCH(CONCATENATE($A164,$C164,J$2),'REQUETES BW'!$G:$G,0)),0) -> 0 | K164: =IFERROR(INDEX('REQUETES BW'!$F:$F,MATCH(CONCATENATE($A164,$C164,K$2),'REQUETES BW'!$G:$G,0)),0) -> 0 | L164: =IFERROR(INDEX('REQUETES BW'!$F:$F,MATCH(CONCATENATE($A164,$C164,L$2),'REQUETES BW'!$G:$G,0)),0) -> 0 | ... Z164: =IFERROR(INDEX('REQUETES BW'!$F:$F,MATCH(CONCATENATE($A164,$C164,Z$2),'REQUETES BW'!$G:$G,0)),0) -> 0 | AA164: =SUM(E164:Z164) -> 0
A165: 427 | B165: 4270 | C165: 0 | D165: 0 | E165: =IFERROR(INDEX('REQUETES BW'!$F:$F,MATCH(CONCATENATE($A165,$C165,E$2),'REQUETES BW'!$G:$G,0)),0) -> 0 | F165: =IFERROR(INDEX('REQUETES BW'!$F:$F,MATCH(CONCATENATE($A165,$C165,F$2),'REQUETES BW'!$G:$G,0)),0) -> 0 | G165: =IFERROR(INDEX('REQUETES BW'!$F:$F,MATCH(CONCATENATE($A165,$C165,G$2),'REQUETES BW'!$G:$G,0)),0) -> 0 | H165: =IFERROR(INDEX('REQUETES BW'!$F:$F,MATCH(CONCATENATE($A165,$C165,H$2),'REQUETES BW'!$G:$G,0)),0) -> 0 | I165: =IFERROR(INDEX('REQUETES BW'!$F:$F,MATCH(CONCATENATE($A165,$C165,I$2),'REQUETES BW'!$G:$G,0)),0) -> 0 | J165: =IFERROR(INDEX('REQUETES BW'!$F:$F,MATCH(CONCATENATE($A165,$C165,J$2),'REQUETES BW'!$G:$G,0)),0) -> 0 | K165: =IFERROR(INDEX('REQUETES BW'!$F:$F,MATCH(CONCATENATE($A165,$C165,K$2),'REQUETES BW'!$G:$G,0)),0) -> 0 | L165: =IFERROR(INDEX('REQUETES BW'!$F:$F,MATCH(CONCATENATE($A165,$C165,L$2),'REQUETES BW'!$G:$G,0)),0) -> 0 | ... Z165: =IFERROR(INDEX('REQUETES BW'!$F:$F,MATCH(CONCATENATE($A165,$C165,Z$2),'REQUETES BW'!$G:$G,0)),0) -> 0 | AA165: =SUM(E165:Z165) -> 0
A166: 427 | B166: 4270 | C166: 0 | D166: 0 | E166: =IFERROR(INDEX('REQUETES BW'!$F:$F,MATCH(CONCATENATE($A166,$C166,E$2),'REQUETES BW'!$G:$G,0)),0) -> 0 | F166: =IFERROR(INDEX('REQUETES BW'!$F:$F,MATCH(CONCATENATE($A166,$C166,F$2),'REQUETES BW'!$G:$G,0)),0) -> 0 | G166: =IFERROR(INDEX('REQUETES BW'!$F:$F,MATCH(CONCATENATE($A166,$C166,G$2),'REQUETES BW'!$G:$G,0)),0) -> 0 | H166: =IFERROR(INDEX('REQUETES BW'!$F:$F,MATCH(CONCATENATE($A166,$C166,H$2),'REQUETES BW'!$G:$G,0)),0) -> 0 | I166: =IFERROR(INDEX('REQUETES BW'!$F:$F,MATCH(CONCATENATE($A166,$C166,I$2),'REQUETES BW'!$G:$G,0)),0) -> 0 | J166: =IFERROR(INDEX('REQUETES BW'!$F:$F,MATCH(CONCATENATE($A166,$C166,J$2),'REQUETES BW'!$G:$G,0)),0) -> 0 | K166: =IFERROR(INDEX('REQUETES BW'!$F:$F,MATCH(CONCATENATE($A166,$C166,K$2),'REQUETES BW'!$G:$G,0)),0) -> 0 | L166: =IFERROR(INDEX('REQUETES BW'!$F:$F,MATCH(CONCATENATE($A166,$C166,L$2),'REQUETES BW'!$G:$G,0)),0) -> 0 | ... Z166: =IFERROR(INDEX('REQUETES BW'!$F:$F,MATCH(CONCATENATE($A166,$C166,Z$2),'REQUETES BW'!$G:$G,0)),0) -> 0 | AA166: =SUM(E166:Z166) -> 0
A167: 427 | B167: 4270 | C167: 0 | D167: 0 | E167: =IFERROR(INDEX('REQUETES BW'!$F:$F,MATCH(CONCATENATE($A167,$C167,E$2),'REQUETES BW'!$G:$G,0)),0) -> 0 | F167: =IFERROR(INDEX('REQUETES BW'!$F:$F,MATCH(CONCATENATE($A167,$C167,F$2),'REQUETES BW'!$G:$G,0)),0) -> 0 | G167: =IFERROR(INDEX('REQUETES BW'!$F:$F,MATCH(CONCATENATE($A167,$C167,G$2),'REQUETES BW'!$G:$G,0)),0) -> 0 | H167: =IFERROR(INDEX('REQUETES BW'!$F:$F,MATCH(CONCATENATE($A167,$C167,H$2),'REQUETES BW'!$G:$G,0)),0) -> 0 | I167: =IFERROR(INDEX('REQUETES BW'!$F:$F,MATCH(CONCATENATE($A167,$C167,I$2),'REQUETES BW'!$G:$G,0)),0) -> 0 | J167: =IFERROR(INDEX('REQUETES BW'!$F:$F,MATCH(CONCATENATE($A167,$C167,J$2),'REQUETES BW'!$G:$G,0)),0) -> 0 | K167: =IFERROR(INDEX('REQUETES BW'!$F:$F,MATCH(CONCATENATE($A167,$C167,K$2),'REQUETES BW'!$G:$G,0)),0) -> 0 | L167: =IFERROR(INDEX('REQUETES BW'!$F:$F,MATCH(CONCATENATE($A167,$C167,L$2),'REQUETES BW'!$G:$G,0)),0) -> 0 | ... Z167: =IFERROR(INDEX('REQUETES BW'!$F:$F,MATCH(CONCATENATE($A167,$C167,Z$2),'REQUETES BW'!$G:$G,0)),0) -> 0 | AA167: =SUM(E167:Z167) -> 0
A168: 427 | B168: 4270 | C168: 0 | D168: 0 | E168: =IFERROR(INDEX('REQUETES BW'!$F:$F,MATCH(CONCATENATE($A168,$C168,E$2),'REQUETES BW'!$G:$G,0)),0) -> 0 | F168: =IFERROR(INDEX('REQUETES BW'!$F:$F,MATCH(CONCATENATE($A168,$C168,F$2),'REQUETES BW'!$G:$G,0)),0) -> 0 | G168: =IFERROR(INDEX('REQUETES BW'!$F:$F,MATCH(CONCATENATE($A168,$C168,G$2),'REQUETES BW'!$G:$G,0)),0) -> 0 | H168: =IFERROR(INDEX('REQUETES BW'!$F:$F,MATCH(CONCATENATE($A168,$C168,H$2),'REQUETES BW'!$G:$G,0)),0) -> 0 | I168: =IFERROR(INDEX('REQUETES BW'!$F:$F,MATCH(CONCATENATE($A168,$C168,I$2),'REQUETES BW'!$G:$G,0)),0) -> 0 | J168: =IFERROR(INDEX('REQUETES BW'!$F:$F,MATCH(CONCATENATE($A168,$C168,J$2),'REQUETES BW'!$G:$G,0)),0) -> 0 | K168: =IFERROR(INDEX('REQUETES BW'!$F:$F,MATCH(CONCATENATE($A168,$C168,K$2),'REQUETES BW'!$G:$G,0)),0) -> 0 | L168: =IFERROR(INDEX('REQUETES BW'!$F:$F,MATCH(CONCATENATE($A168,$C168,L$2),'REQUETES BW'!$G:$G,0)),0) -> 0 | ... Z168: =IFERROR(INDEX('REQUETES BW'!$F:$F,MATCH(CONCATENATE($A168,$C168,Z$2),'REQUETES BW'!$G:$G,0)),0) -> 0 | AA168: =SUM(E168:Z168) -> 0
A169: 427 | B169: 4270 | C169: 0 | D169: 0 | E169: =IFERROR(INDEX('REQUETES BW'!$F:$F,MATCH(CONCATENATE($A169,$C169,E$2),'REQUETES BW'!$G:$G,0)),0) -> 0 | F169: =IFERROR(INDEX('REQUETES BW'!$F:$F,MATCH(CONCATENATE($A169,$C169,F$2),'REQUETES BW'!$G:$G,0)),0) -> 0 | G169: =IFERROR(INDEX('REQUETES BW'!$F:$F,MATCH(CONCATENATE($A169,$C169,G$2),'REQUETES BW'!$G:$G,0)),0) -> 0 | H169: =IFERROR(INDEX('REQUETES BW'!$F:$F,MATCH(CONCATENATE($A169,$C169,H$2),'REQUETES BW'!$G:$G,0)),0) -> 0 | I169: =IFERROR(INDEX('REQUETES BW'!$F:$F,MATCH(CONCATENATE($A169,$C169,I$2),'REQUETES BW'!$G:$G,0)),0) -> 0 | J169: =IFERROR(INDEX('REQUETES BW'!$F:$F,MATCH(CONCATENATE($A169,$C169,J$2),'REQUETES BW'!$G:$G,0)),0) -> 0 | K169: =IFERROR(INDEX('REQUETES BW'!$F:$F,MATCH(CONCATENATE($A169,$C169,K$2),'REQUETES BW'!$G:$G,0)),0) -> 0 | L169: =IFERROR(INDEX('REQUETES BW'!$F:$F,MATCH(CONCATENATE($A169,$C169,L$2),'REQUETES BW'!$G:$G,0)),0) -> 0 | ... Z169: =IFERROR(INDEX('REQUETES BW'!$F:$F,MATCH(CONCATENATE($A169,$C169,Z$2),'REQUETES BW'!$G:$G,0)),0) -> 0 | AA169: =SUM(E169:Z169) -> 0
A170: 427 | B170: 4270 | C170: 0 | D170: 0 | E170: =IFERROR(INDEX('REQUETES BW'!$F:$F,MATCH(CONCATENATE($A170,$C170,E$2),'REQUETES BW'!$G:$G,0)),0) -> 0 | F170: =IFERROR(INDEX('REQUETES BW'!$F:$F,MATCH(CONCATENATE($A170,$C170,F$2),'REQUETES BW'!$G:$G,0)),0) -> 0 | G170: =IFERROR(INDEX('REQUETES BW'!$F:$F,MATCH(CONCATENATE($A170,$C170,G$2),'REQUETES BW'!$G:$G,0)),0) -> 0 | H170: =IFERROR(INDEX('REQUETES BW'!$F:$F,MATCH(CONCATENATE($A170,$C170,H$2),'REQUETES BW'!$G:$G,0)),0) -> 0 | I170: =IFERROR(INDEX('REQUETES BW'!$F:$F,MATCH(CONCATENATE($A170,$C170,I$2),'REQUETES BW'!$G:$G,0)),0) -> 0 | J170: =IFERROR(INDEX('REQUETES BW'!$F:$F,MATCH(CONCATENATE($A170,$C170,J$2),'REQUETES BW'!$G:$G,0)),0) -> 0 | K170: =IFERROR(INDEX('REQUETES BW'!$F:$F,MATCH(CONCATENATE($A170,$C170,K$2),'REQUETES BW'!$G:$G,0)),0) -> 0 | L170: =IFERROR(INDEX('REQUETES BW'!$F:$F,MATCH(CONCATENATE($A170,$C170,L$2),'REQUETES BW'!$G:$G,0)),0) -> 0 | ... Z170: =IFERROR(INDEX('REQUETES BW'!$F:$F,MATCH(CONCATENATE($A170,$C170,Z$2),'REQUETES BW'!$G:$G,0)),0) -> 0 | AA170: =SUM(E170:Z170) -> 0
... A173: 427 | B173: 4270 | C173: 0 | D173: 0 | E173: =IFERROR(INDEX('REQUETES BW'!$F:$F,MATCH(CONCATENATE($A173,$C173,E$2),'REQUETES BW'!$G:$G,0)),0) -> 0 | F173: =IFERROR(INDEX('REQUETES BW'!$F:$F,MATCH(CONCATENATE($A173,$C173,F$2),'REQUETES BW'!$G:$G,0)),0) -> 0 | G173: =IFERROR(INDEX('REQUETES BW'!$F:$F,MATCH(CONCATENATE($A173,$C173,G$2),'REQUETES BW'!$G:$G,0)),0) -> 0 | H173: =IFERROR(INDEX('REQUETES BW'!$F:$F,MATCH(CONCATENATE($A173,$C173,H$2),'REQUETES BW'!$G:$G,0)),0) -> 0 | I173: =IFERROR(INDEX('REQUETES BW'!$F:$F,MATCH(CONCATENATE($A173,$C173,I$2),'REQUETES BW'!$G:$G,0)),0) -> 0 | J173: =IFERROR(INDEX('REQUETES BW'!$F:$F,MATCH(CONCATENATE($A173,$C173,J$2),'REQUETES BW'!$G:$G,0)),0) -> 0 | K173: =IFERROR(INDEX('REQUETES BW'!$F:$F,MATCH(CONCATENATE($A173,$C173,K$2),'REQUETES BW'!$G:$G,0)),0) -> 0 | L173: =IFERROR(INDEX('REQUETES BW'!$F:$F,MATCH(CONCATENATE($A173,$C173,L$2),'REQUETES BW'!$G:$G,0)),0) -> 0 | ... Z173: =IFERROR(INDEX('REQUETES BW'!$F:$F,MATCH(CONCATENATE($A173,$C173,Z$2),'REQUETES BW'!$G:$G,0)),0) -> 0 | AA173: =SUM(E173:Z173) -> 0
A174: 427 | B174: 427Résultat | C174: Résultat | E174: =IFERROR(INDEX('REQUETES BW'!$F:$F,MATCH(CONCATENATE($A174,$C174,E$2),'REQUETES BW'!$G:$G,0)),0) -> 0 | F174: =IFERROR(INDEX('REQUETES BW'!$F:$F,MATCH(CONCATENATE($A174,$C174,F$2),'REQUETES BW'!$G:$G,0)),0) -> 0 | G174: =IFERROR(INDEX('REQUETES BW'!$F:$F,MATCH(CONCATENATE($A174,$C174,G$2),'REQUETES BW'!$G:$G,0)),0) -> 0 | H174: =IFERROR(INDEX('REQUETES BW'!$F:$F,MATCH(CONCATENATE($A174,$C174,H$2),'REQUETES BW'!$G:$G,0)),0) -> 0 | I174: =IFERROR(INDEX('REQUETES BW'!$F:$F,MATCH(CONCATENATE($A174,$C174,I$2),'REQUETES BW'!$G:$G,0)),0) -> 0 | J174: =IFERROR(INDEX('REQUETES BW'!$F:$F,MATCH(CONCATENATE($A174,$C174,J$2),'REQUETES BW'!$G:$G,0)),0) -> 0 | K174: =IFERROR(INDEX('REQUETES BW'!$F:$F,MATCH(CONCATENATE($A174,$C174,K$2),'REQUETES BW'!$G:$G,0)),0) -> 0 | L174: =IFERROR(INDEX('REQUETES BW'!$F:$F,MATCH(CONCATENATE($A174,$C174,L$2),'REQUETES BW'!$G:$G,0)),0) -> 0 | ... Z174: =IFERROR(INDEX('REQUETES BW'!$F:$F,MATCH(CONCATENATE($A174,$C174,Z$2),'REQUETES BW'!$G:$G,0)),0) -> 0 | AA174: =SUM(E174:Z174) -> 0
A175: 427 | B175: 427
A176: 427 | B176: 427
A177: 427 | B177: 427
A178: 427 | B178: 427
A179: 427 | B179: 427
A180: 427 | B180: 427
A181: 427 | B181: 427
A182: 427 | B182: 427
A183: 427 | B183: 427
A184: 427 | B184: 427
A185: 427 | B185: 427
A186: 427 | B186: 427
... A200: 427 | B200: 427

Sheet REQUETES BW
A1: IMAGE REQUETE CA - BW
B5: Auteur | C5: D999372 | E5: Actualité des données | F5: 04/11/2018 10:09:55
A8: Information
A9: Auteur | B9: D999372 | D9: Dernier rafraîchissement | E9: 07/11/2018 09:38:55
A10: Utilisateur actuel | B10: U882215 | D10: J. réf. | E10: 31/10/2018
A11: Modifié en dernier par | B11: D204201 | D11: Modifié à | E11: 03/10/2016 15:28:12
A12: InfoProvider | B12: MP_FI005 | D12: Actualité des données | E12: 04/11/2018 10:09:55
A13: Nom tech. de la rqte | B13: RQ_MP_FI005_SAW_001 | D13: Actualité des données (date) | E13: 04/11/2018
A14: Description requête | B14: Compta. générale : postes individuels | D14: Actualité des données (heure) | E14: 10:09:55
A17: Table
F18: Mtant Dev. interne
A19: Société | C19: Compte général | E19: Code TVA | F19: EUR
A20: 402 | B20: LEADER PRICE EXPLOITATION | C20: 7030000 | D20: VTES DECHETS | E20: W0 | F20: -316.1 | G20: 4027030000W0
A21: 402 | B21: LEADER PRICE EXPLOITATION | C21: 7030007 | D21: VTES DECHETS | E21: E0 | F21: -125022.15 | G21: 4027030007E0
A22: 402 | B22: LEADER PRICE EXPLOITATION | C22: 7071000 | D22: VENTES MARCHANDISES | E22: C0 | F22: -127089.38 | G22: 4027071000C0
A23: 402 | B23: LEADER PRICE EXPLOITATION | C23: 7071000 | D23: VENTES MARCHANDISES | E23: C1 | F23: -3.1652002e+08 | G23: 4027071000C1
A24: 402 | B24: LEADER PRICE EXPLOITATION | C24: 7071000 | D24: VENTES MARCHANDISES | E24: C2 | F24: -1618.07 | G24: 4027071000C2
A25: 402 | B25: LEADER PRICE EXPLOITATION | C25: 7071000 | D25: VENTES MARCHANDISES | E25: CJ | F25: -3460655.9 | G25: 4027071000CJ
A26: 402 | B26: LEADER PRICE EXPLOITATION | C26: 7071000 | D26: VENTES MARCHANDISES | E26: CK | F26: -79776030 | G26: 4027071000CK
A27: 402 | B27: LEADER PRICE EXPLOITATION | C27: 7071000 | D27: VENTES MARCHANDISES | E27: W0 | F27: 209.3 | G27: 4027071000W0
A28: 402 | B28: LEADER PRICE EXPLOITATION | C28: 7071000 | D28: VENTES MARCHANDISES | E28: W1 | F28: 923802.21 | G28: 4027071000W1
A29: 402 | B29: LEADER PRICE EXPLOITATION | C29: 7071000 | D29: VENTES MARCHANDISES | E29: W2 | F29: 3.72 | G29: 4027071000W2
A30: 402 | B30: LEADER PRICE EXPLOITATION | C30: 7071000 | D30: VENTES MARCHANDISES | E30: WJ | F30: 5812.67 | G30: 4027071000WJ
A31: 402 | B31: LEADER PRICE EXPLOITATION | C31: 7071000 | D31: VENTES MARCHANDISES | E31: WK | F31: 256224.06 | G31: 4027071000WK
... A70: 402 | B70: LEADER PRICE EXPLOITATION | C70: 7910720 | D70: TRANS.CHARGES/LOYERS | E70: # | F70: -48567.98 | G70: 4027910720#
A71: 402 | B71: LEADER PRICE EXPLOITATION | C71: Résultat | F71: -4.1707804e+08 | G71: 402Résultat
A72: 421 | B72: CAMELIS | C72: 7071000 | D72: VENTES MARCHANDISES | E72: C0 | F72: -281 | G72: 4217071000C0
A73: 421 | B73: CAMELIS | C73: 7071000 | D73: VENTES MARCHANDISES | E73: C1 | F73: -1012273.4 | G73: 4217071000C1
A74: 421 | B74: CAMELIS | C74: 7071000 | D74: VENTES MARCHANDISES | E74: C2 | F74: -530.08 | G74: 4217071000C2
A75: 421 | B75: CAMELIS | C75: 7071000 | D75: VENTES MARCHANDISES | E75: CJ | F75: -36587.03 | G75: 4217071000CJ
A76: 421 | B76: CAMELIS | C76: 7071000 | D76: VENTES MARCHANDISES | E76: CK | F76: -322802.92 | G76: 4217071000CK
A77: 421 | B77: CAMELIS | C77: 7071000 | D77: VENTES MARCHANDISES | E77: W1 | F77: 5254.26 | G77: 4217071000W1
A78: 421 | B78: CAMELIS | C78: 7071000 | D78: VENTES MARCHANDISES | E78: WJ | F78: 99.17 | G78: 4217071000WJ
A79: 421 | B79: CAMELIS | C79: 7071000 | D79: VENTES MARCHANDISES | E79: WK | F79: 3137.53 | G79: 4217071000WK
A80: 421 | B80: CAMELIS | C80: 7072007 | D80: VTES MSES DIVERSES | E80: CK | F80: -40418.83 | G80: 4217072007CK
A81: 421 | B81: CAMELIS | C81: 7072200 | D81: VENTES MARCHANDISES | E81: CK | F81: -515.66 | G81: 4217072200CK
A82: 421 | B82: CAMELIS | C82: 7082060 | D82: PREST. COMMISSIONS | E82: CK | F82: -148.59 | G82: 4217082060CK
A83: 421 | B83: CAMELIS | C83: 7084007 | D83: PERSONNEL PERMANENT | E83: CK | F83: -2730.2 | G83: 4217084007CK
... A86: 421 | B86: CAMELIS | C86: 7910640 | D86: TR.CH./FR.PERSONNEL | E86: # | F86: -11105.9 | G86: 4217910640#
A87: 421 | B87: CAMELIS | C87: Résultat | F87: -1497871.8 | G87: 421Résultat
A88: 422 | B88: TOMADIS | C88: 7071000 | D88: VENTES MARCHANDISES | E88: C0 | F88: -237 | G88: 4227071000C0
A89: 422 | B89: TOMADIS | C89: 7071000 | D89: VENTES MARCHANDISES | E89: C1 | F89: -891904.97 | G89: 4227071000C1
A90: 422 | B90: TOMADIS | C90: 7071000 | D90: VENTES MARCHANDISES | E90: C2 | F90: 5.09 | G90: 4227071000C2
A91: 422 | B91: TOMADIS | C91: 7071000 | D91: VENTES MARCHANDISES | E91: CJ | F91: -163493.1 | G91: 4227071000CJ
A92: 422 | B92: TOMADIS | C92: 7071000 | D92: VENTES MARCHANDISES | E92: CK | F92: -267209.99 | G92: 4227071000CK
A93: 422 | B93: TOMADIS | C93: 7071000 | D93: VENTES MARCHANDISES | E93: W1 | F93: 3050.56 | G93: 4227071000W1
A94: 422 | B94: TOMADIS | C94: 7071000 | D94: VENTES MARCHANDISES | E94: WJ | F94: 86.41 | G94: 4227071000WJ
A95: 422 | B95: TOMADIS | C95: 7071000 | D95: VENTES MARCHANDISES | E95: WK | F95: 1567.59 | G95: 4227071000WK
A96: 422 | B96: TOMADIS | C96: 7072007 | D96: VTES MSES DIVERSES | E96: C1 | F96: -140.47 | G96: 4227072007C1
A97: 422 | B97: TOMADIS | C97: 7072007 | D97: VTES MSES DIVERSES | E97: CK | F97: -16078.43 | G97: 4227072007CK
A98: 422 | B98: TOMADIS | C98: 7072200 | D98: VENTES MARCHANDISES | E98: C0 | F98: -411.6 | G98: 4227072200C0
A99: 422 | B99: TOMADIS | C99: 7082060 | D99: PREST. COMMISSIONS | E99: C0 | F99: -8.4 | G99: 4227082060C0
... A107: 422 | B107: TOMADIS | C107: 7910720 | D107: TRANS.CHARGES/LOYERS | E107: # | F107: -2469.97 | G107: 4227910720#
A108: 422 | B108: TOMADIS | C108: Résultat | F108: -1372667.5 | G108: 422Résultat
A109: 423 | B109: BODIS | C109: 7071000 | D109: VENTES MARCHANDISES | E109: C0 | F109: -72 | G109: 4237071000C0
A110: 423 | B110: BODIS | C110: 7071000 | D110: VENTES MARCHANDISES | E110: C1 | F110: -413979.73 | G110: 4237071000C1
A111: 423 | B111: BODIS | C111: 7071000 | D111: VENTES MARCHANDISES | E111: C2 | F111: -292.25 | G111: 4237071000C2
A112: 423 | B112: BODIS | C112: 7071000 | D112: VENTES MARCHANDISES | E112: CJ | F112: -31973.27 | G112: 4237071000CJ
A113: 423 | B113: BODIS | C113: 7071000 | D113: VENTES MARCHANDISES | E113: CK | F113: -166081.55 | G113: 4237071000CK
A114: 423 | B114: BODIS | C114: 7071000 | D114: VENTES MARCHANDISES | E114: W1 | F114: 4056.93 | G114: 4237071000W1
A115: 423 | B115: BODIS | C115: 7071000 | D115: VENTES MARCHANDISES | E115: WJ | F115: 97.27 | G115: 4237071000WJ
A116: 423 | B116: BODIS | C116: 7071000 | D116: VENTES MARCHANDISES | E116: WK | F116: 3196.38 | G116: 4237071000WK
A117: 423 | B117: BODIS | C117: 7072007 | D117: VTES MSES DIVERSES | E117: CK | F117: -1316.43 | G117: 4237072007CK
A118: 423 | B118: BODIS | C118: 7072200 | D118: VENTES MARCHANDISES | E118: C0 | F118: -1507.24 | G118: 4237072200C0
A119: 423 | B119: BODIS | C119: 7072200 | D119: VENTES MARCHANDISES | E119: CK | F119: -439.19 | G119: 4237072200CK
A120: 423 | B120: BODIS | C120: 7082060 | D120: PREST. COMMISSIONS | E120: C0 | F120: -30.76 | G120: 4237082060C0
... A125: 423 | B125: BODIS | C125: 7910640 | D125: TR.CH./FR.PERSONNEL | E125: # | F125: -13416.06 | G125: 4237910640#
A126: 423 | B126: BODIS | C126: Résultat | F126: -647114.16 | G126: 423Résultat
A127: 424 | B127: COVIDIS | C127: 7071000 | D127: VENTES MARCHANDISES | E127: C0 | F127: -292.1 | G127: 4247071000C0
A128: 424 | B128: COVIDIS | C128: 7071000 | D128: VENTES MARCHANDISES | E128: C1 | F128: -1374806.4 | G128: 4247071000C1
A129: 424 | B129: COVIDIS | C129: 7071000 | D129: VENTES MARCHANDISES | E129: CJ | F129: -57961.46 | G129: 4247071000CJ
A130: 424 | B130: COVIDIS | C130: 7071000 | D130: VENTES MARCHANDISES | E130: CK | F130: -440512.34 | G130: 4247071000CK
A131: 424 | B131: COVIDIS | C131: 7071000 | D131: VENTES MARCHANDISES | E131: W1 | F131: 7496.26 | G131: 4247071000W1
A132: 424 | B132: COVIDIS | C132: 7071000 | D132: VENTES MARCHANDISES | E132: WJ | F132: 90.51 | G132: 4247071000WJ
A133: 424 | B133: COVIDIS | C133: 7071000 | D133: VENTES MARCHANDISES | E133: WK | F133: 4888.8 | G133: 4247071000WK
A134: 424 | B134: COVIDIS | C134: 7072007 | D134: VTES MSES DIVERSES | E134: CK | F134: -204 | G134: 4247072007CK
A135: 424 | B135: COVIDIS | C135: 7082060 | D135: PREST. COMMISSIONS | E135: CK | F135: -8540.31 | G135: 4247082060CK
A136: 424 | B136: COVIDIS | C136: 7082060 | D136: PREST. COMMISSIONS | E136: # | F136: -265.46 | G136: 4247082060#
A137: 424 | B137: COVIDIS | C137: 7084007 | D137: PERSONNEL PERMANENT | E137: CK | F137: -12649.78 | G137: 4247084007CK
A138: 424 | B138: COVIDIS | C138: 7084157 | D138: MISE A DISPO PERSON. | E138: CK | F138: -11512.77 | G138: 4247084157CK
... A140: 424 | B140: COVIDIS | C140: 7580000 | D140: AUT.PROD.GESTION | E140: # | F140: -56.29 | G140: 4247580000#
A141: 424 | B141: COVIDIS | C141: Résultat | F141: -1895172.4 | G141: 424Résultat
A142: 425 | B142: FOCADIS | C142: 7071000 | D142: VENTES MARCHANDISES | E142: C0 | F142: -151 | G142: 4257071000C0
A143: 425 | B143: FOCADIS | C143: 7071000 | D143: VENTES MARCHANDISES | E143: C1 | F143: -1051383.9 | G143: 4257071000C1
A144: 425 | B144: FOCADIS | C144: 7071000 | D144: VENTES MARCHANDISES | E144: C2 | F144: -912.78 | G144: 4257071000C2
A145: 425 | B145: FOCADIS | C145: 7071000 | D145: VENTES MARCHANDISES | E145: CJ | F145: -50663.3 | G145: 4257071000CJ
A146: 425 | B146: FOCADIS | C146: 7071000 | D146: VENTES MARCHANDISES | E146: CK | F146: -316655 | G146: 4257071000CK
A147: 425 | B147: FOCADIS | C147: 7071000 | D147: VENTES MARCHANDISES | E147: W1 | F147: 3775.52 | G147: 4257071000W1
A148: 425 | B148: FOCADIS | C148: 7071000 | D148: VENTES MARCHANDISES | E148: W2 | F148: 13.22 | G148: 4257071000W2
A149: 425 | B149: FOCADIS | C149: 7071000 | D149: VENTES MARCHANDISES | E149: WJ | F149: 44.06 | G149: 4257071000WJ
A150: 425 | B150: FOCADIS | C150: 7071000 | D150: VENTES MARCHANDISES | E150: WK | F150: 2025.39 | G150: 4257071000WK
A151: 425 | B151: FOCADIS | C151: 7072007 | D151: VTES MSES DIVERSES | E151: C1 | F151: -1464.91 | G151: 4257072007C1
A152: 425 | B152: FOCADIS | C152: 7072007 | D152: VTES MSES DIVERSES | E152: CK | F152: -14465.65 | G152: 4257072007CK
A153: 425 | B153: FOCADIS | C153: 7072200 | D153: VENTES MARCHANDISES | E153: CK | F153: -4.83 | G153: 4257072200CK
... A163: 425 | B163: FOCADIS | C163: 7910720 | D163: TRANS.CHARGES/LOYERS | E163: # | F163: -1853.64 | G163: 4257910720#
A164: 425 | B164: FOCADIS | C164: Résultat | F164: -1520018.6 | G164: 425Résultat
A165: 426 | B165: JAUDIS | C165: 7071000 | D165: VENTES MARCHANDISES | E165: C0 | F165: -199 | G165: 4267071000C0
A166: 426 | B166: JAUDIS | C166: 7071000 | D166: VENTES MARCHANDISES | E166: C1 | F166: -1293198.6 | G166: 4267071000C1
A167: 426 | B167: JAUDIS | C167: 7071000 | D167: VENTES MARCHANDISES | E167: CJ | F167: -46909.84 | G167: 4267071000CJ
A168: 426 | B168: JAUDIS | C168: 7071000 | D168: VENTES MARCHANDISES | E168: CK | F168: -471966.28 | G168: 4267071000CK
...
